 Dungeon Crawl Stone Soup version 0.30-a0-358-g0d69a1922f (webtiles) character file.

Game seed: 10707713204592481716

221 nono the Covered (level 5, -5/49 HPs)
             Began as an Armataur Fighter on Nov 8, 2022.
             Slain by Natasha (9 damage)
             ... on level 3 of the Dungeon.
             The game lasted 00:04:40 (2397 turns).

nono the Covered (Armataur Fighter)                 Turns: 2397, Time: 00:04:40

Health: -5/49      AC:  8    Str: 23    XL:     5   Next: 65%
Magic:  5/5        EV:  7    Int:  9    God:
Gold:   139        SH:  4    Dex:  9    Spells: 4/4 levels left

rFire   . . .      SeeInvis .    o - +0 dagger (venom)
rCold   . . .      Faith    .    c - +0 buckler
rNeg    . . .      Spirit   .    b - +0 scale mail
rPois   .          Reflect  .    x - +0 helmet
rElec   .          Harm     .    (no cloak)
rCorr   .          Roll     +    (no gloves)
Will    .....                    (no barding)
Stlth   ..........               (no amulet)
HPRegen 0.28/turn                (no ring)
MPRegen 0.09/turn                (no ring)

@: no status effects
A: large, rugged brown scales 3, deformed body, armoured tail, roll, long
tongue, awkward tongue
a: no special abilities


You were on level 3 of the Dungeon.
You visited 1 branch of the dungeon, and saw 3 of its levels.

You collected 139 gold pieces.

Inventory:

Hand Weapons
 a - a +0 flail
 o - a +0 dagger of venom (weapon)
 s - a +0 long sword of electrocution
 v - the +4 dagger "Morg" {pain, Will+ Int+5}
   (You found it on level 3 of the Dungeon)

   In the hands of one skilled in necromantic magic, it inflicts extra damage on
   living creatures.
   Int:       It affects your intelligence (+5).
   Will:      It increases your willpower.
Armour
 b - a +0 scale mail (worn)
 c - a +0 buckler (worn)
 q - the +3 robe of the Armadillo {Will++ Regen+ Dex-2 Slay-3}
   (You found it on level 2 of the Dungeon)

   Dex:       It affects your dexterity (-2).
   Slay:      It affects your accuracy & damage with ranged weapons and melee
   (-3).
   Regen:     It increases your rate of health regeneration.
   Will:      It greatly increases your willpower.
 x - a +0 helmet (worn)
Jewellery
 t - a ring of fire
Scrolls
 e - 2 scrolls of identify {unknown}
 g - a scroll of magic mapping {unknown}
 h - a scroll of poison {unknown}
 k - 2 scrolls of enchant armour {unknown}
 m - a scroll of brand weapon {unknown}
 r - a scroll of amnesia {unknown}
Potions
 d - a potion of might
 f - a potion of resistance {unknown}
 i - a potion of magic {unknown}
 j - 3 potions of heal wounds {unknown}
 l - 2 potions of curing {unknown}
 n - a potion of haste {unknown}
 p - a potion of degeneration {unknown}
 u - a potion of attraction {unknown}
 w - a potion of lignification {unknown}


   Skills:
 + Level 3.7 Fighting
 + Level 3.1 Maces & Flails
 + Level 4.9 Armour
 + Level 4.4 Shields


You had 4 spell levels left.
You didn't know any spells.
Your spell library contained the following spells:

 Spells                   Type           Power      Damage    Failure   Level
 Sting                    Tmut/Pois      0%         1d3       77%         1
 Poisonous Vapours        Pois/Air       0%         N/A       88%         2
 Animate Dead             Necr           0%         N/A       100%        4
 Olgreb's Toxic Radiance  Pois           0%         N/A       100%        4
 Haunt                    Necr/Summ      0%         N/A       100%        7
 Infestation              Necr           0%         N/A       100%        8


Dungeon Overview and Level Annotations

Branches:
Dungeon (3/15)

Altars:

Annotations:
D:3 Natasha


Innate Abilities, Weirdness & Mutations

You are completely covered in rugged brown scales. (AC +3, +7% HP)
Armour fits poorly on your strangely shaped body.
You have a long armoured tail.
You roll when moving toward enemies. (Rampage)
Your long tongue fully drains potion bottles. (2x potion effects)
Your tongue gives you trouble enunciating. (1.5x scroll delay)


Message History

Natasha is moderately wounded.
Natasha claws you but does no damage.
You barely miss Natasha.
Natasha is moderately wounded.
Natasha casts a spell at you. You resist with some effort.
You hit Natasha.
Natasha is poisoned.
Natasha is moderately wounded.
You block Natasha's attack.
You barely miss Natasha.
Natasha is moderately wounded.
Natasha casts a spell at you. The magic dart hits you!
You barely miss Natasha.
Your tail-slap misses Natasha.
Natasha is heavily wounded.
Natasha claws you!
You are too injured to fight recklessly!
You are too injured to fight recklessly!
You are too injured to fight recklessly!
Unknown command.
You closely miss Natasha.
Natasha is heavily wounded.
Natasha claws you!
* * * LOW HITPOINT WARNING * * *
You hit Natasha but do no damage.
Natasha looks as sick as possible!
Natasha is severely wounded.
Natasha casts a spell at you. You resist with some effort.
You closely miss Natasha.
Natasha is severely wounded.
Natasha casts a spell.
You closely miss Natasha.
Your tail-slap misses Natasha.
Natasha is severely wounded.
Natasha claws you!
* * * LOW HITPOINT WARNING * * *
The crimson imp barely misses you.
You closely miss Natasha.
Natasha is almost dead.
Natasha claws you!
You die...

#.#....#####.#.#....(..#
#.##########...#>####### #.#
♣♣♣♣♣...####.#
#.♣♣♣.........##.#
♣♣♣......P♣##.##.# #####
.P.......♣♣##'##÷########<..#
P....♣♣♣♣♣..........##......#
P...♣♣#........#h##.##.###..#
....♣ #........#@......# ..#
.8..♣ ##########5......# ..#
P.P♣♣ #.......# #.# P♣♣♣
#)##.##.# .# ♣ #)##....# .#
#####)####### ## #........#
#........# #........###


You could see Natasha (strong, very poisoned) and a crimson imp (summoned).

Vanquished Creatures
  Natasha (D:3)
  A hound skeleton (D:3)
  Robin (D:3)
  6 adders
  2 worms (D:2)
  3 dart slugs
  3 orcs (D:3)
  6 ball pythons
  5 endoplasms
  6 giant cockroaches
  16 goblins
  9 hobgoblins
  8 jackals
  6 kobolds
  3 quokkas
  A ball python simulacrum (D:3)
  A ball python zombie (D:3)
  6 bats
  4 frilled lizards
  A giant cockroach zombie (D:3)
  A quokka zombie (D:3)
  5 rats
95 creatures vanquished.

Vanquished Creatures (others)
  A quokka skeleton (D:3)
  12 withered plants (D:3)
13 creatures vanquished.

Grand Total: 108 creatures vanquished

Notes
Turn   | Place    | Note
-------+----------+-------------------------------------------
     0 | D:1      | nono the Armataur Fighter began the quest for the Orb.
     0 | D:1      | Reached XP level 1. HP: 19/19 MP: 1/1
    74 | D:1      | Reached XP level 2. HP: 24/26 MP: 2/2
   395 | D:1      | Reached XP level 3. HP: 26/33 MP: 3/3
  1096 | D:2      | Identified the +3 robe of the Armadillo {Will++ Regen+
                  | Dex-2 Slay-3}
  1555 | D:2      | Reached XP level 4. HP: 34/40 MP: 4/4
  2127 | D:3      | Noticed Natasha
  2128 | D:3      | Found the +4 dagger "Morg" {pain, Will+ Int+5}
  2136 | D:3      | Killed Natasha
  2137 | D:3      | Reached XP level 5. HP: 40/48 MP: 5/5
  2292 | D:3      | Noticed Robin
  2340 | D:3      | Killed Robin
  2382 | D:3      | Noticed Natasha
  2397 | D:3      | Slain by Natasha

Illustrated notes

Levels and vault maps discovered:
D:1:      elethiomel_arrival_infinity_welcomes_careful_drivers, layout_rooms,
          chequers_serial_rivers_micro_a, corexii_item_surrounded_by_moat
D:2:      minmay_chambers_of_twos, layout_loops_ring, minmay_liquid_box,
          dreamdust_princess_bridge
D:3:      layout_basic, dilly_guarded_unrand_morg, uniq_robin, uniq_natasha

Skill      XL: |  1  2  3  4  5 |
---------------+----------------+-----
Maces & Flails | 2 3 |  3.1
Fighting       | 3 |  3.7
Armour         | 4 |  4.9
Shields        | 4 |  4.4

Action                   |  1- 3 |  4- 6 || total
-------------------------+-------+-------++-------
Melee: Flail             |   116 |    13 ||   129
       Tailslap          |    10 |    21 ||    31
       Dagger            |    25 |   165 ||   190
Armor: Scale mail        |    82 |   107 ||   189
Dodge: Dodged            |    62 |    62 ||   124
Block: Buckler           |    34 |    34 ||    68

Table legend: (Time is in decaauts)
 A = Elapsed time spent in this place.
 B = Non-inter-level travel time spent in this place.
 C = Inter-level travel time spent in this place.
 D = Time resting spent in this place.
 E = Time spent auto-exploring this place.
 F = Levels seen in this place.
 G = Mean time per level.
                   A        B        C        D        E       F      G
               +--------+--------+--------+--------+--------+-----+--------+
         Total |   2441 |   2387 |     54 |      0 |   1800 |   3 |  813.7 |
       Dungeon |   2441 |   2387 |     54 |      0 |   1800 |   3 |  813.7 |
               +--------+--------+--------+--------+--------+-----+--------+

Top non-repeatable levels by time:
     D:2: 1191 daAuts
     D:1: 801 daAuts
     D:3: 448 daAuts
